 Dungeon Crawl Stone Soup version 0.21.0-24-g2553a33 (webtiles) character file.

85 tidbits the Magician (level 4, -2/34 HPs)
             Began as a Gnoll Wanderer on Jan 19, 2018.
             Slain by a crimson imp (3 damage)
             ... on level 5 of the Dungeon.
             The game lasted 00:05:28 (466 turns).

tidbits the Magician (Gnoll Wanderer)                Turns: 466, Time: 00:05:29

Health: -2/34      AC:  3    Str: 10 (13) XL:     4   Next: 48%
Magic:  11/11      EV: 12    Int: 15 (16) God:
Gold:   55         SH:  0    Dex: 14 (15) Spells: 11/13 levels left

rFire    . . .     SeeInvis .   a - +2 falchion
rCold    . . .     Gourm    .   (no shield)
rNeg     . . .     Faith    .   B - +1 robe
rPois    .         Spirit   .   E - -1 helmet
rElec    .         Reflect  .   (no cloak)
rCorr    .         Harm     .   (no gloves)
MR       .....                  (no boots)
Stlth    ++........             (no amulet)
HPRegen  0.11/turn              (no ring)
MPRegen  0.12/turn              (no ring)

@: no status effects
A: distributed training, fangs 1, strong nose
a: no special abilities


You were on level 5 of the Dungeon.
You were full.

You visited 1 branch of the dungeon, and saw 5 of its levels.

You collected 55 gold pieces.

Inventory:

Hand Weapons
 a - a +2 falchion (weapon)
 b - a +0 dagger
 e - a +2 dagger of venom
   (You took it off a goblin on level 2 of the Dungeon)
 h - a +0 hunting sling
 m - a +0 hunting sling
Missiles
 i - 28 stones (quivered)
 j - 26 arrows
Armour
 B - a +1 robe (worn)
 E - a -1 helmet (worn)
Scrolls
 d - a scroll of teleportation
Books
 c - Feadid's Papyrus of Air

   Spells                             Type                      Level
   a - Shock                          Conjuration/Air              1
   b - Mephitic Cloud                 Conjuration/Poison/Air       3
 g - the Collected Works on Evil Magic

   Spells                             Type                      Level
   a - Animate Skeleton               Necromancy                   1
   b - Regeneration                   Charms/Necromancy            3
Comestibles
 f - 3 rations


   Skills:
 + Level 2.7 Fighting
 + Level 1.1 Short Blades
 + Level 4.6 Long Blades
 + Level 1.1 Axes
 + Level 1.1 Maces & Flails
 + Level 1.1 Polearms
 + Level 1.1 Staves
 + Level 1.1 Slings
 + Level 1.1 Bows
 + Level 1.1 Crossbows
 + Level 1.1 Throwing
 + Level 1.1 Armour
 + Level 1.1 Dodging
 + Level 2.5 Stealth
 + Level 2.7 Shields
 + Level 1.1 Unarmed Combat
 + Level 5.1 Spellcasting
 + Level 0.9 Conjurations
 + Level 0.9 Hexes
 + Level 0.9 Charms
 + Level 2.2 Summonings
 + Level 0.9 Necromancy
 + Level 0.9 Translocations
 + Level 0.9 Transmutations
 + Level 0.9 Fire Magic
 + Level 0.9 Ice Magic
 + Level 3.8 Air Magic
 + Level 0.9 Earth Magic
 + Level 0.9 Poison Magic
 + Level 1.2 Invocations
 + Level 1.1 Evocations


You had 11 spell levels left.
You knew the following spells:

 Your Spells              Type           Power        Failure   Level  Hunger
a - Shock                 Conj/Air       ##..         6%          1    None
n - Animate Skeleton      Necr           N/A          11%         1    None


Dungeon Overview and Level Annotations

Branches:
Dungeon (5/15)
 Temple: D:4-7

Altars:
Trog
Uskayaw

Annotations:
D:4 Grinder


Innate Abilities, Weirdness & Mutations

Your experience applies equally to all skills.
You have very sharp teeth.
Your uncanny sense of smell can sniff out nearby items.


Message History

The crimson imp is moderately wounded.
The crimson imp spits at you. The crimson imp completely misses you.
You closely miss the crimson imp. Your bite misses the crimson imp.
The crimson imp is moderately wounded.
The crimson imp hits you.
* * * LOW HITPOINT WARNING * * *
You closely miss the crimson imp.
The crimson imp is lightly wounded.
The crimson imp hits you.
* * * LOW HITPOINT WARNING * * *
The crimson imp shouts, "Run away, thou beslubbering nose-picking snaffler!"
You closely miss the crimson imp.
The crimson imp is lightly wounded.
The crimson imp barely misses you.
You riposte.
You closely miss the crimson imp.
The crimson imp hits you but does no damage.
You hit the crimson imp but do no damage.
The crimson imp closely misses you.
You hit the crimson imp.
You bite the crimson imp, but do no damage.
The crimson imp is moderately wounded.
The crimson imp picks up a beetle and eats it.
The crimson imp closely misses you.
You hit the crimson imp but do no damage.
The crimson imp is moderately wounded.
The crimson imp blinks!
You miss the crimson imp. The crimson imp hits you.
* * * LOW HITPOINT WARNING * * *
You hit the crimson imp.
You bite the crimson imp, but do no damage.
The crimson imp is moderately wounded.
The crimson imp hits you.
* * * LOW HITPOINT WARNING * * *
You hit the crimson imp.
The crimson imp is severely wounded.
The crimson imp closely misses you.
You riposte.
You closely miss the crimson imp.
The crimson imp is severely wounded.
You hit the crimson imp but do no damage.
The crimson imp is severely wounded.
The crimson imp misses you.
You riposte.
You barely miss the crimson imp. Your bite misses the crimson imp.
The crimson imp is heavily wounded.
You miss the crimson imp.
The crimson imp is heavily wounded.
The crimson imp barely misses you.
You riposte.
You miss the crimson imp.
The crimson imp is heavily wounded.
You barely miss the crimson imp.
The crimson imp is heavily wounded.
The crimson imp hits you.
* * * LOW HITPOINT WARNING * * *
The crimson imp blinks!
You hit the crimson imp.
You bite the crimson imp, but do no damage.
The crimson imp is heavily wounded.
The crimson imp spits at you. The crimson imp hits you.
* * * LOW HITPOINT WARNING * * *
The crimson imp blinks!
The crimson imp hits you.
* * * LOW HITPOINT WARNING * * *
You hit the crimson imp.
The crimson imp is heavily wounded.
The crimson imp hits you.
* * * LOW HITPOINT WARNING * * *
You barely miss the crimson imp. Your bite misses the crimson imp.
The crimson imp is moderately wounded.
The crimson imp blinks!
The crimson imp hits you but does no damage.
You closely miss the crimson imp.
The crimson imp is moderately wounded.
The crimson imp barely misses you.
You closely miss the crimson imp.
The crimson imp is moderately wounded.
The crimson imp barely misses you.
You slash the crimson imp!
The crimson imp is severely wounded.
The crimson imp barely misses you.
You miss the crimson imp.
The crimson imp is severely wounded.
The crimson imp closely misses you.
You riposte.
You hit the crimson imp but do no damage.
The crimson imp is severely wounded.
You hit the crimson imp.
The crimson imp is almost dead.
The crimson imp hits you but does no damage.
You closely miss the crimson imp.
The crimson imp is severely wounded.
The crimson imp misses you.
You miss the crimson imp.
The crimson imp is severely wounded.
The crimson imp hits you.
* * * LOW HITPOINT WARNING * * *
You barely miss the crimson imp.
The crimson imp is severely wounded.
The crimson imp blinks!
You slash the crimson imp!
The crimson imp is severely wounded.
The crimson imp hits you.
You die...

## .. .# .#
##+#### .#
#.....###5#
#......5@.#
#......####
#....(.#
#......#
#.....#####
#.....<...#
#....5.##.#
#####....
#.....


You could see 2 crimson imps.

Vanquished Creatures
  Jessica (D:2)
  Robin (D:2)
  2 adders
  2 leopard geckos
  An orc (D:4)
  A bat (D:3)
  A giant cockroach (D:2)
  8 goblins (D:2)
  6 hobgoblins (D:2)
  A kobold (D:2)
  3 rats
27 creatures vanquished.

Notes
Turn   | Place    | Note
-------+----------+-------------------------------------------
     0 | D:1      | tidbits the Gnoll Wanderer began the quest for the Orb.
     0 | D:1      | tidbits set off with: a +2 falchion, the Collected Works on Evil Magic, Feadid's Papyrus of Air, a +0 robe, a ration
     0 | D:1      | Reached XP level 1. HP: 17/17 MP: 6/6
     0 | D:1      | Identified the Collected Works on Evil Magic
     0 | D:1      | Identified Feadid's Papyrus of Air
     2 | D:1      | Learned a level 1 spell: Shock
     4 | D:1      | Learned a level 1 spell: Animate Skeleton
    65 | D:2      | Noticed Jessica
    87 | D:2      | Killed Jessica
    87 | D:2      | Reached skill level 5 in Spellcasting
    87 | D:2      | Reached skill level 2 in Summonings
    87 | D:2      | Reached XP level 2. HP: 5/23 MP: 8/8
    87 | D:2      | Reached XP level 3. HP: 7/28 MP: 9/9
    98 | D:2      | Noticed Robin
   121 | D:2      | Reached skill level 1 in Invocations
   131 | D:2      | Killed Robin
   148 | D:2      | Reached skill level 1 in Short Blades
   148 | D:2      | Reached skill level 1 in Axes
   148 | D:2      | Reached skill level 1 in Maces & Flails
   148 | D:2      | Reached skill level 1 in Polearms
   148 | D:2      | Reached skill level 1 in Staves
   148 | D:2      | Reached skill level 1 in Slings
   148 | D:2      | Reached skill level 1 in Bows
   148 | D:2      | Reached skill level 1 in Crossbows
   148 | D:2      | Reached skill level 1 in Throwing
   148 | D:2      | Reached skill level 1 in Armour
   148 | D:2      | Reached skill level 1 in Dodging
   148 | D:2      | Reached skill level 1 in Unarmed Combat
   148 | D:2      | Reached skill level 1 in Evocations
   148 | D:2      | Reached XP level 4. HP: 6/34 MP: 11/11
   243 | D:3      | Noticed a dagger
   243 | D:3      | Noticed a dagger
   244 | D:3      | Found a hide-covered altar of Uskayaw.
   255 | D:3      | Found a bloodstained altar of Trog.
   321 | D:4      | Noticed Grinder
   324 | D:4      | Noticed an ogre
   399 | D:5      | Entered Level 5 of the Dungeon
   456 | D:5      | HP: 1/34 [crimson imp (3)]
   464 | D:5      | HP: 1/34 [crimson imp (1)]
   466 | D:5      | Slain by a crimson imp

Skill      XL: |  1  2  3 |
---------------+----------+-----
Spellcasting   | 5 |  5.1
Summonings     | 2 |  2.2
Invocations    | 1 |  1.2
Short Blades   | 1 |  1.1
Axes           | 1 |  1.1
Maces & Flails | 1 |  1.1
Polearms       | 1 |  1.1
Staves         | 1 |  1.1
Slings         | 1 |  1.1
Bows           | 1 |  1.1
Crossbows      | 1 |  1.1
Throwing       | 1 |  1.1
Armour         | 1 |  1.1
Dodging        | 1 |  1.1
Unarmed Combat | 1 |  1.1
Evocations     | 1 |  1.1
Fighting       | |  2.7
Long Blades    | |  4.6
Stealth        | |  2.5
Shields        | |  2.7
Conjurations   | |  0.9
Hexes          | |  0.9
Charms         | |  0.9
Necromancy     | |  0.9
Translocations | |  0.9
Transmutations | |  0.9
Fire Magic     | |  0.9
Ice Magic      | |  0.9
Air Magic      | |  3.8
Earth Magic    | |  0.9
Poison Magic   | |  0.9

Action                   |  1- 3 |  4- 6 || total
-------------------------+-------+-------++-------
Melee: Dagger            |    13 |    25 ||    38
       Falchion          |    38 |    41 ||    79
       Bite              |     5 |     6 ||    11
 Fire: Hunting sling     |       |     1 ||     1
 Cast: Shock             |       |     5 ||     5
  Use: Potion            |     2 |     2 ||     4
       Scroll            |     1 |     5 ||     6
 Stab: Invisible         |     1 |       ||     1
       Sleeping          |     1 |       ||     1
  Eat: Ration            |       |     1 ||     1
Armor: Robe              |     3 |    18 ||    21
       Skin              |    55 |       ||    55
Dodge: Dodged            |    23 |    38 ||    61
       Rpst.: Falchion   |     4 |     9 ||    13

Table legend:
 A = Turns spent in this place as a percentage of turns spent in the entire game.
 B = Non-inter-level travel turns spent in this place as a percentage of non-inter-level travel turns spent in the entire game.
 C = Inter-level travel turns spent in this place as a percentage of turns spent in this place.
 D = Turns resting spent in this place as a percentage of non-inter-level travel turns spent in this place.
 E = Turns spent auto-exploring this place as a percentage of non-inter-level travel turns spent in this place.
 F = Non-inter-level travel turns spent in this place divided by the number of levels of this place that you've seen.
                   A       B       C       D       E      F
               +-------+-------+-------+-------+-------+----------------------
         Total | 100.0 | 100.0 |   0.0 |   0.0 |   0.0 |  93.2
       Dungeon | 100.0 | 100.0 |   0.0 |   0.0 |   0.0 |  93.2
               +-------+-------+-------+-------+-------+----------------------

Table legend:
 A = Kills in this place as a percentage of kills in entire the game.
 B = Kills by you in this place as a percentage of kills by you in the entire game.
 C = Kills by friends in this place as a percentage of kills by friends in the entire game.
 D = Other kills in this place as a percentage of other kills in the entire game.
 E = Experience gained in this place as a percentage of experience gained in the entire game.
 F = Experience gained in this place divided by the number of levels of this place that you have seen.
                   A       B       C       D       E      F
               +-------+-------+-------+-------+-------+----------------------
         Total | 100.0 | 100.0 |   N/A |   N/A | 100.0 |  24.4
       Dungeon | 100.0 | 100.0 |   N/A |   N/A | 100.0 |  24.4
               +-------+-------+-------+-------+-------+----------------------

Vault maps used:
D:1:      dpeg_arrival_simpleton_c, evilmike_ruin_ashenzari
D:2:      chequers_ecumenical_altar_simple, first_ration, uniq_robin,
          uniq_jessica
D:3:      okawaru_gym_becter, lemuel_round_altar, dancing_weapons_uskayaw,
          uniq_terence
D:4:      lemuel_round_altar, nicolae_dithmenos_the_darkroom, uniq_ijyb,
          uniq_grinder
D:5:      nicolae_overflow_crystal_walls, lemuel_round_altar,
          hangedman_abyss_or_decor_lesser_grid, kennysheep_generic_room_8
